 Dungeon Crawl Stone Soup version 0.19-a0-1686-g35356ef (webtiles) character file.

102596 Amnesiac the Warrior (level 16, -8/192 HPs)
             Began as an Ogre Wizard on Sept 25, 2016.
             Was the Champion of Okawaru.
             Killed from afar by a lindwurm (28 damage)
             ... with a blast of flame
             ... called by a spriggan druid
             ... on level 4 of the Swamp.
             The game lasted 01:20:33 (35727 turns).

Amnesiac the Warrior (Ogre Wizard)                 Turns: 35727, Time: 01:20:34

Health: -8/192     AC: 12    Str: 16    XL:     16   Next: 33%
Magic:  28/28      EV: 18    Int: 18    God:    Okawaru [******]
Gold:   1969       SH:  4    Dex: 13    Spells: 7 memorised, 15 levels left

rFire  . . .     SeeInvis .     e - +9 eveningstar (drain)
rCold  . . .     Gourm    .     L - +2 robe {MR+}
rNeg   . . .     Faith    .     (no shield)
rPois  +         Spirit   .     A - +2 hat {Int+3}
rElec  .         Dismiss  .     Y - +2 cloak {rPois}
rCorr  .         Reflect  +     (gloves unavailable)
MR     +++..     Harm     .     (boots unavailable)
Stlth  ++........               R - +4 amulet of reflection
                                i - +3 ring of slaying
                                x - ring of protection from magic

@: about to teleport, repel missiles
A: unfitting armour, talons 2, yellow scales 1, deformed body, dopey 1, mutation
resistance 1, sense surroundings 2, screaming 1, tough skin 1
a: Heroism, Finesse, Renounce Religion


You were on level 4 of the Swamp.
You worshipped Okawaru.
Okawaru was exalted by your worship.
You were not hungry.

You visited 4 branches of the dungeon, and saw 23 of its levels.
You also visited: Labyrinth, Sewer, Ossuary and Ice Cave.

You collected 2277 gold pieces.
You spent 308 gold pieces at shops.

Inventory:

Hand Weapons
 e - a +9 eveningstar of draining (weapon)
Armour
 u - a +0 shield of reflection
 A - a +2 hat of intelligence (worn)
 L - a +2 robe of magic resistance (worn)
 V - the +0 robe "Jehij" {rCorr}
   (You found it on level 1 of the Swamp)

   It protects you from acid and corrosion.
 Y - a +2 cloak of poison resistance (worn)
Jewellery
 i - a +3 ring of slaying (right hand)
 l - an uncursed amulet of regeneration
 x - a ring of protection from magic (left hand)
 R - a +4 amulet of reflection (around neck)
 T - an uncursed ring of resist corrosion {unknown}
 U - the ring "Focim" {+Blink +Fly rC+ rN+ Dex-3}
   (You found it in a labyrinth)

   [ring of flight]

   It affects your dexterity (-3).
   It protects you from cold.
   It protects you from negative energy.
   It lets you fly.
   It lets you blink.
Wands
 a - a wand of teleportation (9/9)
 q - a wand of acid (5/15)
 G - a wand of random effects (38/48)
 N - a wand of hasting (5/9)
 P - a wand of disintegration (14/24)
 Q - a wand of heal wounds (1/9)
 W - a wand of enslavement (7/24)
Scrolls
 j - 2 scrolls of blinking
 m - 4 scrolls of identify
 n - a scroll of holy word
 t - 2 scrolls of amnesia
 w - 3 scrolls of magic mapping
 y - 7 scrolls of remove curse
 D - a scroll of enchant armour
 I - 2 scrolls of recharging
 O - 2 scrolls of fog
 S - 2 scrolls of vulnerability
 X - a scroll of teleportation
Potions
 g - 14 potions of curing
 k - 7 potions of flight
 o - 7 potions of brilliance
 p - 7 potions of agility
 r - 2 potions of resistance
 v - a potion of cure mutation
 C - a potion of cancellation {unknown}
 E - a potion of might
 F - a potion of invisibility
 Z - a potion of berserk rage
Books
 c - a book of Death

   Spells                             Type                      Level
   a - Corpse Rot                     Necromancy                   2
   b - Sublimation of Blood           Necromancy                   2
   c - Agony                          Necromancy                   5
   d - Dispel Undead                  Necromancy                   5
   e - Excruciating Wounds            Charms/Necromancy            5
   f - Bolt of Draining               Conjuration/Necromancy       5
 s - a book of Clouds

   Spells                             Type                      Level
   a - Mephitic Cloud                 Conjuration/Poison/Air       3
   b - Conjure Flame                  Conjuration/Fire             3
   c - Poisonous Cloud                Conjuration/Poison/Air       6
   d - Freezing Cloud                 Conjuration/Ice/Air          6
   e - Ring of Flames                 Charms/Fire                  7
 H - a book of Air

   Spells                             Type                      Level
   a - Shock                          Conjuration/Air              1
   b - Swiftness                      Charms/Air                   2
   c - Repel Missiles                 Charms/Air                   2
   d - Static Discharge               Conjuration/Air              3
   e - Lightning Bolt                 Conjuration/Air              5
Comestibles
 d - 13 bread rations
 f - 4 beef jerkies
 h - 27 fruits
 z - 4 chunks of flesh
 B - 5 meat rations
 J - 11 slices of pizza


   Skills:
 - Level 20.0 Fighting
 - Level 18.1 Maces & Flails
 - Level 14.4 Dodging
 - Level 1.5 Stealth
 + Level 3.6 Shields
 - Level 8.0 Spellcasting
 - Level 1.0 Conjurations
 - Level 0.6 Summonings
 - Level 0.6 Translocations
 - Level 5.0 Invocations


You had 15 spell levels left.
You knew the following spells:

 Your Spells              Type           Power        Failure   Level  Hunger
a - Repel Missiles        Chrm/Air       #.....       14%         2    None
b - Blink                 Tloc           N/A          12%         2    None
c - Corpse Rot            Necr           N/A          14%         2    None
d - Call Imp              Summ           #.......     12%         2    None
e - Mephitic Cloud        Conj/Pois/Air  #.......     30%         3    #......
f - Swiftness             Chrm/Air       #.......     14%         2    None
s - Conjure Flame         Conj/Fire      #.......     24%         3    #......


Dungeon Overview and Level Annotations

Branches:
Dungeon (11/15)            Temple (0/1) D:6            Lair (6/6) D:8
  Swamp (4/4) Lair:4       Spider (0/4) Lair:2        Slime (0/5) Lair:5
    Orc (2/2) D:10            Elf (0/3) Orc:2

Altars:
Ashenzari
Dithmenos
Fedhas
Gozag
Okawaru
Qazlal
Trog
Uskayaw
Vehumet
Xom
Jiyva

Shops:
D:6 !   Orc:2 **(*


Innate Abilities, Weirdness & Mutations

You are too large for most types of armour.
You have tough skin. (AC +1)
You have razor-sharp toenails.
You are partially covered in yellow scales. (AC +2)
Armour fits poorly on your strangely shaped body.
You are dopey. (Int -2)
You are somewhat resistant to further mutation.
You passively map the area around you.
You occasionally shout uncontrollably at your foes.


Message History

* * * LOW HITPOINT WARNING * * *
You hear an angry buzzing noise.
The swamp dragon roars deafeningly!
You hear a shout!
You hear a chilling moan.
You hear a roar!
You hear a shout!
A tree reaches out and hits you!
* * * LOW HITPOINT WARNING * * *
The insubstantial wisp blinks!
You block the lindwurm's attack. The lindwurm misses you.
The lindwurm claws you but does no damage.
The vampire mosquito completely misses you.
An insubstantial wisp comes into view.
Unknown command.
Unknown command.
You sock the lindwurm! You drain the lindwurm!
The lindwurm is almost dead.
A tree reaches out and hits you!
* * * LOW HITPOINT WARNING * * *
You block the vampire mosquito's attack.
The lindwurm breathes flames at you. The blast of flame hits you!
You die...

≈≈≈≈≈≈≈.≈.≈♣≈ * ≈≈≈≈ ≈
≈ , ≈≈≈†<†.|..≈♣ ≈≈
≈≈.††..≈≈≈♣. ≈* *
≈.≈≈≈≈≈≈≈≈♣**** ≈
≈≈≈≈≈≈≈≈≈≈♣♣
..≈≈≈....≈≈♣♣♣ * * ,
..≈≈♣♣.≈.≈≈.≈♣ ≈ ** ,
≈≈..≈♣♣♣.≈≈.♣♣♣♣♣♣ * ,
≈≈≈≈,♣♣♣♣.)..≈♣≈@♣♣♣ ,
≈≈≈≈*♣≈≈.♣♣≈≈♣♣y§k≈♣♣♣
≈ ≈ .♣♣*
♣♣..♣♣♣♣♣♣♣vDD.≈♣♣ ≈ *
♣..≈♣♣.≈≈.≈≈v≈k.♣ ≈ ,
≈≈ *♣≈≈.♣♣≈≈≈.≈≈≈≈y.≈♣
, ≈
♣..≈kw≈≈≈♣♣♣i≈≈§..,
≈≈, ♣♣.≈≈♣♣♣♣♣ .≈D≈.§
♣.≈)♣ ,* ♣♣v≈.. ,,
♣♣♣..≈ ≈≈, ≈.≈.


You could see 3 swamp dragons, 2 lindwurms, a spriggan druid, a vampire
mosquito, a wasp and 3 insubstantial wisps.

Vanquished Creatures
  Nikola (Swamp:1)
  Rupert (Lair:3)
  Gastronok (D:8)
  Kirke (Lair:6)
  Donald (Swamp:3)
  Louise (Lair:4)
  Aizul (Lair:4)
  2 entropy weavers (Lair:6)
  Nessos (Orc:1)
  A minotaur (Lab)
  4 ogre magi (Orc:2)
  Erolcha (D:10)
  11 hydras
  A ghost crab (Swamp:2)
  A merfolk avatar (Lair:6)
  7 alligators
  A queen ant (Lair:6)
  An orc high priest (Orc:1)
  Sonja (D:11)
  Nergalle (D:11)
  An unseen horror (D:11)
  A spriggan druid (Swamp:3)
  A hill giant (D:10)
  A shambling mangrove (Swamp:3)
  2 orc knights
  3 harpies
  An orc sorcerer (Orc:2)
  An ugly thing (D:11)
  A cyclops (Orc:2)
  Maurice (Orc:1)
  7 elephants
  6 black mambas
  A centaur skeleton (D:11)
  2 torpor snails
  20 spiny frogs
  Joseph (D:8)
  8 rime drakes
  8 komodo dragons
  4 trolls
  Grinder (D:6)
  7 tyrant leeches
  12 two-headed ogres
  2 bog bodies
  3 slime creatures (Swamp:1)
  5 polar bears (Lair:6)
  18 blink frogs
  2 wind drakes (Lair:6)
  Prince Ribbit (D:8)
  15 dream sheep
  11 hippogriffs
  5 redbacks
  3 spriggans
  4 wyverns
  3 basilisks
  4 hogs (Lair:5)
  4 hungry ghosts (Lab)
  27 yaks
  A warg (Orc:2)
  A steam dragon (D:9)
  26 vampire mosquitoes
  16 swamp worms
  25 soldier ants
  20 water moccasins
  6 porcupines
  4 swamp drakes
  2 black bears
  19 orc warriors
  A necrophage (D:9)
  3 ice beasts
  2 phantoms
  2 sky beasts
  5 wasps
  2 centaurs
  36 ogres
  16 crocodiles
  6 big kobolds
  17 bullfrogs
  A wyvern zombie (D:8)
  2 gnoll sergeants
  5 water moccasin zombies
  3 scorpions
  A water moccasin skeleton (D:9)
  10 killer bees
  3 wights
  5 howler monkeys
  An electric eel (Lair:4)
  3 crimson imps
  2 centaur zombies
  2 jellies
  3 hounds
  A bullfrog skeleton (D:5)
  21 orc priests
  A gnoll shaman (D:5)
  29 orc wizards
  4 iguanas
  22 worker ants
  A big kobold zombie (Ossuary)
  2 hound skeletons
  2 mummies (Ossuary)
  15 gnolls
  9 adders
  61 river rats
  2 shadow imps
  3 adder skeletons
  8 adder zombies
  3 worms
  A dart slug (D:1)
  5 leopard geckos
  105 orcs
  4 giant cockroaches
  3 goblins
  4 hobgoblins
  3 quokkas
  8 ball pythons
  6 bats
  4 frilled lizards
  2 gnoll zombies (Ossuary)
  7 hobgoblin zombies (Ossuary)
  37 kobolds
  2 kobold zombies (Ossuary)
  5 orc zombies (Ossuary)
  2 quokka skeletons
  24 rats
  A fungus (Lair:4)
895 creatures vanquished.

Vanquished Creatures (collateral kills)
  4 orcs (D:3)
4 creatures vanquished.

Vanquished Creatures (others)
  A hydra (Swamp:1)
  A spriggan druid (Swamp:4)
  A tyrant leech (Swamp:1)
  2 bog bodies (Swamp:1)
  2 humans (Lair:6)
  3 vampire mosquitoes (Swamp:1)
  A swamp worm (Swamp:2)
  A swamp drake (Swamp:1)
  An orc wizard (Orc:1)
  2 orcs (Orc:1)
  41 fungi
  44 plants
100 creatures vanquished.

Grand Total: 999 creatures vanquished

Notes
Turn   | Place    | Note
-------+----------+-------------------------------------------
     0 | D:1      | Amnesiac the Ogre Wizard began the quest for the Orb.
     0 | D:1      | Reached XP level 1. HP: 16/16 MP: 5/5
   471 | D:3      | Reached XP level 2. HP: 24/24 MP: 0/7
   522 | D:3      | Reached skill level 1 in Conjurations
   530 | D:3      | Learned a level 2 spell: Call Imp
   717 | D:3      | Reached XP level 3. HP: 14/31 MP: 5/9
   724 | D:3      | Learned a level 3 spell: Mephitic Cloud
   728 | D:3      | Learned a level 3 spell: Conjure Flame
   731 | D:3      | Learned a level 2 spell: Repel Missiles
   754 | D:3      | Reached skill level 5 in Spellcasting
   776 | D:3      | Reached XP level 4. HP: 11/39 MP: 1/11
   826 | D:3      | Found a glowing drain.
   840 | Sewer    | Entered a sewer
  1073 | Sewer    | Learned a level 2 spell: Blink
  1096 | Sewer    | Reached XP level 5. HP: 39/45 MP: 10/13
  1448 | Sewer    | Noticed a big kobold
  1460 | Sewer    | Killed a big kobold
  1460 | Sewer    | Reached XP level 6. HP: 48/53 MP: 10/16
  1990 | D:3      | Reached skill level 1 in Maces & Flails
  2653 | D:4      | Found a bloodstained altar of Trog.
  2655 | D:4      | Found a stormy altar of Qazlal.
  2656 | D:4      | Found a hide-covered altar of Uskayaw.
  2659 | D:4      | Found an opulent altar of Gozag.
  2659 | D:4      | Found an iron altar of Okawaru.
  2668 | D:4      | Became a worshipper of Warmaster Okawaru
  2802 | D:2      | Found a shimmering altar of Xom.
  3528 | D:2      | Reached skill level 1 in Fighting
  4739 | D:5      | Entered Level 5 of the Dungeon
  4743 | D:5      | Noticed a sky beast
  4805 | D:4      | Killed a sky beast
  4805 | D:4      | Reached XP level 7. HP: 53/62 MP: 8/18
  4832 | D:4      | Gained mutation: You passively map a small area around you. [mutagenic meat]
  4835 | D:4      | Gained mutation: You passively map the area around you. [mutagenic meat]
  4838 | D:4      | Gained mutation: Your magical capacity is low. (-10% MP) [mutagenic meat]
  4841 | D:4      | Gained mutation: You are partially covered in yellow scales. (AC +2) [mutagenic meat]
  4847 | D:4      | Gained mutation: You have sharp toenails. [mutagenic meat]
  4973 | D:5      | Reached skill level 5 in Maces & Flails
  5493 | D:5      | Reached XP level 8. HP: 69/70 MP: 18/18
  5513 | D:5      | Reached * piety under Okawaru
  5808 | D:5      | Reached skill level 2 in Fighting
  5890 | D:5      | Reached skill level 3 in Fighting
  6136 | D:6      | Reached skill level 4 in Fighting
  6199 | D:6      | Reached skill level 5 in Fighting
  6310 | D:6      | Reached skill level 6 in Fighting
  6343 | D:6      | Noticed Grinder
  6356 | D:6      | Killed Grinder
  6356 | D:6      | Reached ** piety under Okawaru
  6383 | D:6      | Gained mutation: You have razor-sharp toenails. [potion of mutation]
  6394 | D:6      | Reached XP level 9. HP: 82/89 MP: 18/18
  6470 | D:6      | Found a staircase to the Ecumenical Temple.
  6496 | D:6      | Reached skill level 10 in Maces & Flails
  7073 | D:6      | Found Ekeagin's Distillery.
  7078 | D:6      | Bought a potion of heal wounds for 70 gold pieces
  7078 | D:6      | Bought 2 potions of curing for 84 gold pieces
  7078 | D:6      | Bought a potion of agility for 56 gold pieces
  7078 | D:6      | Bought a potion of might for 56 gold pieces
  7078 | D:6      | Bought a potion of flight for 42 gold pieces
  7493 | D:7      | Gained mutation: Scrolls take you a little longer to read. [potion of mutation]
  7493 | D:7      | Lost mutation: Your magical capacity is low. (-10% MP) [potion of mutation]
  7493 | D:7      | Lost mutation: Scrolls take you a little longer to read. [potion of mutation]
  7782 | D:7      | Found a radiant altar of Vehumet.
  7786 | D:7      | Found a blossoming altar of Fedhas.
  7792 | D:7      | Found a shattered altar of Ashenzari.
  7837 | D:7      | Reached *** piety under Okawaru
  7869 | D:8      | Found a staircase to the Lair.
  7869 | D:8      | Noticed an elephant
  7927 | D:8      | Killed an elephant
  7937 | D:8      | Reached skill level 5 in Dodging
  8096 | D:8      | Found a sand-covered staircase.
  8102 | Ossuary  | Entered an ossuary
  8277 | Ossuary  | Reached XP level 10. HP: 89/98 MP: 22/22
  8543 | D:8      | Reached **** piety under Okawaru
  8694 | D:8      | Found a shadowy altar of Dithmenos.
  8921 | D:8      | Gained mutation: You occasionally shout uncontrollably at your foes. [mutagenic meat]
  8927 | D:8      | Gained mutation: You are somewhat resistant to further mutation. [mutagenic meat]
  8930 | D:8      | Gained mutation: Armour fits poorly on your strangely shaped body. [mutagenic meat]
  8933 | D:8      | Gained mutation: You are weak. (Str -2) [potion of mutation]
  9026 | D:8      | Noticed Joseph
  9204 | D:8      | Noticed Prince Ribbit
  9215 | D:8      | Killed Prince Ribbit
  9230 | D:8      | Noticed Gastronok
  9271 | D:8      | Killed Gastronok
  9271 | D:8      | Reached XP level 11. HP: 57/105 MP: 17/23
  9615 | D:9      | Reached ***** piety under Okawaru
  9615 | D:9      | Reached skill level 10 in Dodging
 10352 | D:10     | Entered Level 10 of the Dungeon
 10425 | D:10     | Gained mutation: You are dopey. (Int -2) [potion of mutation]
 10582 | D:10     | Noticed a hill giant
 10630 | D:10     | Killed a hill giant
 10630 | D:10     | Reached skill level 7 in Fighting
 10930 | D:10     | Reached skill level 8 in Fighting
 10949 | D:10     | Found a staircase to the Orcish Mines.
 11466 | D:8      | Killed Joseph
 11466 | D:8      | Reached skill level 9 in Fighting
 11857 | Lair:1   | Entered Level 1 of the Lair of Beasts
 12154 | Lair:1   | Reached skill level 10 in Fighting
 12683 | Lair:1   | Reached skill level 11 in Fighting
 12721 | Lair:1   | Received a gift from Okawaru
 13397 | Lair:2   | Noticed a six-headed hydra
 13414 | Lair:2   | Killed a six-headed hydra
 13621 | Lair:2   | Found a hole to the Spider Nest.
 13661 | Lair:2   | Reached XP level 12. HP: 34/130 MP: 8/24
 14957 | Lair:3   | Noticed Rupert
 15843 | Lair:3   | Killed Rupert
 15843 | Lair:3   | Received a gift from Okawaru
 15844 | Lair:3   | Got a translucent giant spiked club {god gift}
 15845 | Lair:3   | Identified the +3 giant spiked club "Bausu" {crush, MR- Dex+3 Stlth+} (Okawaru gifted it to you on level 3 of the Lair of Beasts)
 16062 | Lair:3   | Reached ****** piety under Okawaru
 16205 | Lair:4   | Found a frozen archway.
 16271 | IceCv    | Entered an ice cave
 16271 | IceCv    | Noticed Potsanchik's ghost (journeyman DEGl)
 16278 | Lair:4   | Found a labyrinth entrance.
 16287 | Lab      | Entered a labyrinth
 16535 | Lab      | Reached XP level 13. HP: 132/137 MP: 25/25
 16879 | Lab      | Noticed a minotaur
 16895 | Lab      | Killed a minotaur
 16910 | Lab      | Got a fine steel ring
 17020 | Lair:4   | Identified the ring "Focim" {+Blink +Fly rC+ rN+ Dex-3} (You found it in a labyrinth)
 17154 | Lair:4   | Found a staircase to the Swamp.
 17445 | Lair:4   | Received a gift from Okawaru
 18232 | Lair:5   | Identified a scroll of acquirement
 18233 | Lair:5   | Got a scorched shield
 18258 | Lair:5   | Found a viscous altar of Jiyva.
 18258 | Lair:5   | Found a staircase to the Slime Pits.
 18264 | Lair:5   | Learned a level 2 spell: Corpse Rot
 18306 | Lair:5   | Reached skill level 15 in Maces & Flails
 18869 | Lair:6   | Entered Level 6 of the Lair of Beasts
 18896 | Lair:6   | Reached skill level 1 in Invocations
 19508 | Lair:6   | Reached skill level 5 in Invocations
 19671 | Lair:6   | Noticed an entropy weaver
 19678 | Lair:6   | Killed an entropy weaver
 20806 | Lair:5   | Received a gift from Okawaru
 20813 | Lair:5   | Got a warped large shield {god gift}
 21382 | Lair:5   | Reached XP level 14. HP: 105/146 MP: 19/26
 21637 | Lair:6   | Noticed Kirke
 21856 | Lair:6   | Noticed an entropy weaver
 22008 | Lair:6   | Noticed a sphinx
 22366 | Lair:6   | Killed Kirke
 22809 | Lair:6   | Killed an entropy weaver
 23285 | Lair:6   | Reached skill level 12 in Fighting
 23830 | Lair:6   | Received a gift from Okawaru
 23869 | Lair:6   | Reached skill level 13 in Fighting
 24211 | Lair:6   | Got a steaming longbow {god gift}
 24212 | Lair:6   | Identified the +8 longbow "Voge" {freeze, +Fly MP+9 Dex+5} (Okawaru gifted it to you on level 6 of the Lair of Beasts)
 24348 | Lair:6   | Reached skill level 14 in Fighting
 25024 | Lair:6   | Got a clouded emerald amulet
 25142 | Lair:6   | Identified the amulet "Huysk" {Inacc Str+6 Int+6} (You found it on level 6 of the Lair of Beasts)
 25351 | Orc:1    | Entered Level 1 of the Orcish Mines
 25354 | Orc:1    | Noticed Erolcha
 25372 | D:10     | Killed Erolcha
 25763 | Orc:1    | Reached skill level 15 in Fighting
 25977 | Orc:2    | Entered Level 2 of the Orcish Mines
 26068 | Orc:1    | Received a gift from Okawaru
 26285 | Orc:2    | Noticed Nessos
 26378 | Orc:1    | Reached XP level 15. HP: 113/167 MP: 27/27
 26560 | Orc:1    | Killed Nessos
 27191 | Orc:2    | Reached skill level 16 in Fighting
 27200 | Orc:2    | Received a gift from Okawaru
 27375 | Orc:2    | Found a staircase to the Elven Halls.
 27550 | Orc:2    | Noticed Maurice
 28222 | Orc:1    | Reached skill level 17 in Fighting
 28242 | Orc:1    | Killed Maurice
 28575 | Orc:2    | Received a gift from Okawaru
 28645 | Orc:2    | Found Muyllu's Weapon Emporium.
 28645 | Orc:2    | Found Muilleac's General Store.
 28645 | Orc:2    | Found Lonwyilu's General Store.
 28645 | Orc:2    | Found Umuotox's Assorted Antiques.
 28860 | D:11     | Noticed Sonja
 29576 | D:11     | Noticed Nergalle
 29611 | D:11     | Killed Nergalle
 29871 | D:11     | Killed Sonja
 30279 | Swamp:1  | Entered Level 1 of the Swamp
 30304 | Swamp:1  | Noticed Nikola
 30329 | Swamp:1  | Noticed Louise
 30331 | Swamp:1  | HP: 3/176 [Nikola/chain lightning (8)]
 30338 | Lair:4   | HP: 8/176 [vampire mosquito (9)]
 30756 | Lair:4   | Killed Louise
 30756 | Lair:4   | Reached skill level 18 in Fighting
 31228 | Swamp:1  | Noticed Aizul
 31229 | Swamp:1  | Killed Nikola
 31683 | Lair:4   | Killed Aizul
 32067 | Swamp:1  | Got a transparent robe
 32078 | Swamp:1  | Identified the cursed +0 robe "Jehij" {rCorr} (You found it on level 1 of the Swamp)
 32576 | Swamp:1  | Reached skill level 19 in Fighting
 33237 | Swamp:2  | Received a gift from Okawaru
 33505 | Swamp:2  | Reached XP level 16. HP: 149/192 MP: 28/28
 33908 | Swamp:2  | Lost mutation: You are weak. (Str -2) [potion of mutation]
 33943 | Swamp:2  | Reached skill level 20 in Fighting
 34496 | Swamp:3  | Learned a level 2 spell: Swiftness
 34846 | Swamp:3  | Noticed Donald
 34856 | Swamp:3  | Killed Donald
 35025 | Swamp:3  | Reached skill level 1 in Shields
 35656 | Swamp:4  | Entered Level 4 of the Swamp
 35727 | Swamp:4  | Killed from afar by a lindwurm

Vault maps used:
D:1:      shiori_arrival_oz
D:2:      xom_teletrap_fun
D:3:      portal_sewer_entry_a, guppyfry_early_lair_pool
D:4:      grunt_temple_overflow_open
D:5:      first_bread
D:6:      serial_shops, kennysheep_little_box, kennysheep_generic_room_4,
          uniq_grinder
D:7:      minitemple
D:8:      david_lair_generic, serial_glass, glass_columns_a, glass_columns_a,
          glass_columns_a, glass_columns_b, glass_columns_a, glass_columns_a,
          enter_ossuary_2, grunt_pizzeria, grunt_dithmenos_smoke_and_mirrors,
          uniq_gastronok, uniq_joseph, uniq_prince_ribbit1
D:10:     erik_orc_1
D:11:     uniq_nergalle, uniq_sonja
Lair:1:   serial_bayou_shore_b, lemuel_fruit_tree, grunt_megastairs_5
Lair:2:   spider_nest_entry_webs, minivault_24
Lair:3:   uniq_rupert
Lair:4:   minmay_swamp_entry_swarm, portal_ice_cave_rime, lab_entry_generic,
          grunt_megastairs_1
Lair:5:   slime_altar_1, serial_bayou_shore_b
Lair:6:   gammafunk_lair_ancient_temple, minivault_29, uniq_kirke
Swamp:1:  evilmike_swamp_ruin_house_2, swamp_pool1, uniq_louise, uniq_aizul,
          uniq_nikola
Swamp:2:  wheals_swamp_sinkhole, swamp_pool2
Swamp:3:  nicolae_swamp_treefoil, uniq_donald
Swamp:4:  swamp_alternative
Orc:1:    uniq_erolcha
Orc:2:    st_orc_ogre_mass, uniq_nessos, uniq_maurice
Lab:      labyrinth_watery, nicolae_lab_arrow, nicolae_lab_very_dead_end,
          nicolae_lab_garden, nicolae_lab_checkerboard
Sewer:    sewer_minmay_treatment
Ossuary:  ossuary_tomb_2
IceCv:    ice_cave_statue_garden_teleport

Skill      XL: |  1  2  3  4  5  6  7  8  9 10 11 12 13 14 15 16 |
---------------+-------------------------------------------------+-----
Spellcasting   | 4 5 6 7 8 |  8.0
Conjurations   | 1 |  1.0
Maces & Flails | 3 7 9 12 16 18 | 18.1
Fighting       | 1 6 11 15 19 20 | 20.0
Dodging        | 5 9 11 14 | 14.4
Invocations    | 5 |  5.0
Shields        | 3 |  3.6
Stealth        | |  1.5
Summonings     | |  0.6
Translocations | |  0.6

Action                   |  1- 3 |  4- 6 |  7- 9 | 10-12 | 13-15 | 16-18 || total
-------------------------+-------+-------+-------+-------+-------+-------++-------
Melee: Short sword       |     1 |       |       |       |       |       ||     1
       Whip              |    15 |   208 |   298 |   785 |   781 |       ||  2087
       Kick              |       |       |    63 |   185 |   414 |    51 ||   713
       Giant club        |       |       |       |    49 |   858 |    98 ||  1005
       Eveningstar       |       |       |       |       |       |    76 ||    76
 Cast: Magic Dart        |    22 |    13 |     5 |       |       |       ||    40
       Call Imp          |     5 |     3 |       |       |     3 |       ||    11
       Mephitic Cloud    |     1 |     6 |    14 |    30 |    41 |     1 ||    93
       Repel Missiles    |     1 |     2 |       |     2 |     2 |       ||     7
       Blink             |       |     1 |     4 |     6 |    22 |     1 ||    34
       Conjure Flame     |       |     1 |     3 |    21 |    19 |     4 ||    48
Evoke: Wand              |       |       |       |       |     2 |       ||     2
  Use: Scroll            |       |     8 |     6 |    11 |    13 |     8 ||    46
       Potion            |       |       |     2 |    10 |    19 |     3 ||    34
 Stab: Confused          |       |     1 |     8 |    20 |    36 |       ||    65
       Sleeping          |       |       |     1 |       |       |       ||     1
       Distracted        |       |       |       |     1 |     1 |       ||     2
       Invisible         |       |       |       |     1 |       |       ||     1
  Eat: Chunk             |       |    12 |    18 |    28 |    48 |     8 ||   114
       Bread ration      |       |       |       |     1 |     1 |       ||     2
       Beef jerky        |       |       |       |       |     4 |       ||     4
Armor: Robe              |     2 |    63 |    54 |    98 |   302 |    27 ||   546
Dodge: Dodged            |    11 |   100 |    76 |   284 |  1161 |   103 ||  1735
       Deflected         |       |     6 |     5 |     3 |     3 |     1 ||    18
Block: Other             |       |       |       |       |   229 |    19 ||   248
       Reflection        |       |       |       |       |     2 |       ||     2
